 Zot Defence DCSS version 0.10.4 character file.

55 Kakkamies the Grave Robber (level 3, 0/5 (21) HPs)
             Began as a Sludge Elf Necromancer on June 22, 2017.
             Rotted away (a bat)
             ... on Level 1 of the Dungeon (Scenario IV: Columnade).
             The game lasted 00:09:45 (404 turns).

Kakkamies the Grave Robber (Sludge Elf Necromancer)  Turns: 404, Time: 00:09:45

HP   0/5 (21)    AC  2     Str  8      XL: 3   Next: 33%
MP   5/7         EV 13     Int 17      God:
Gold 20          SH  0     Dex 14      Spells:  2 memorised,  4 levels left

Res.Fire  : . . .   See Invis. : .   j - +2,+0 elf dagger
Res.Cold  : . . .   Warding    : . . a - +0 elf robe
Life Prot.: . . .   Conserve   : .   (no shield)
Res.Acid. : . . .   Res.Corr.  : .   (no helmet)
Res.Poison: .       Clarity    : .   (no cloak)
Res.Elec. : .       Spirit.Shd : .   (no gloves)
Sust.Abil.: . .     Stasis     : .   (no boots)
Res.Mut.  : .       Ctrl.Telep.: +   (no amulet)
Res.Rott. : .       Levitation : .   (no ring)
Saprovore : . . .   Ctrl.Flight: .   (no ring)

@: slightly resistant to hostile enchantments, fairly stealthy
A: teleport control
a: Make dart trap, Make oklob sapling, Make arrow trap


You were on level 1 of the Dungeon.
You were not hungry.

You visited 1 branch of the dungeon, and saw 1 of its levels.

Inventory:

Hand weapons
 j - a +2,+0 elven dagger (weapon)
Missiles
 l - 4 +0 darts (quivered)
Armour
 a - a +0 elven robe (worn)
Comestibles
 d - a bread ration
 k - a chunk of bat flesh
Scrolls
 i - a scroll of blinking
Potions
 c - 3 potions of curing
 e - a potion of heal wounds
 f - a potion of speed
 g - 2 potions of magic
 h - a potion of berserk rage
Books
 b - a book of Necromancy

   Spells                             Type                      Level
   *Pain                              Necromancy                   1
   *Animate Skeleton                  Necromancy                   1
   Lethal Infusion                    Charms/Necromancy            2
   Vampiric Draining                  Necromancy                   3
   Regeneration                       Charms/Necromancy            3
   Animate Dead                       Necromancy                   4
   Control Undead                     Necromancy                   4


   Skills:
 + Level 2.8 Dodging
 - Level 2.2 Stealth
 - Level 2.0 Traps & Doors
 + Level 2.0 Spellcasting
 + Level 5.5 Necromancy


You had 4 spell levels left.
You knew the following spells:

 Your Spells              Type           Power        Failure   Level  Hunger
a - Pain                  Necr           ####.        1%          1    Strawberry
b - Animate Skeleton      Necr           N/A          1%          1    Strawberry

Dungeon Overview and Level Annotations

Branches:
    Zot (1/1)

Altars:


Innate Abilities, Weirdness & Mutations

You can control translocations.


Message History

You hit the bat.
The bat is moderately wounded.
Your flesh rots away as the Orb of Zot is desecrated.
You sense that a powerful threat has arrived.
You see here a club.
Your flesh rots away as the Orb of Zot is desecrated.
An ooze comes into view.
Your flesh rots away as the Orb of Zot is desecrated.
Your flesh rots away as the Orb of Zot is desecrated.
You see here a giant cockroach corpse.
Your flesh rots away as the Orb of Zot is desecrated.
You hit the bat.
Your flesh rots away as the Orb of Zot is desecrated.
The bat is moderately wounded.
Your flesh rots away as the Orb of Zot is desecrated.
* * * LOW HITPOINT WARNING * * *
Your flesh rots away as the Orb of Zot is desecrated.
* * * LOW HITPOINT WARNING * * *
Your flesh rots away as the Orb of Zot is desecrated.
You die...

##### ##...###...## #####
##...## ##...## ##...## ##...##
##...#########...##
##...####...####...##
##...####.....####...##
#...####.......####%..#
#..........P.....z....#
##.......)J..@%..).....##
##########.....b...z.##########
#∆∆∆## #...........# ##)=∆#
#∆∆∆# ##.........## #|:/# #####
##.......## ##### #########


You could see an ooze, a bat, a friendly oklob sapling, a friendly goblin
skeleton and a friendly kobold skeleton.

Vanquished Creatures
  2 bats (D:1)
  3 goblins (D:1)
  A hobgoblin skeleton (D:1)
6 creatures vanquished.

Vanquished Creatures (collateral kills)
  2 giant cockroaches (D:1)
  6 goblins (D:1)
  2 kobolds (D:1)
  2 bats (D:1)
  3 giant newts (D:1)
15 creatures vanquished.

Vanquished Creatures (others)
  A bat skeleton (D:1)
1 creature vanquished.

Grand Total: 22 creatures vanquished

Notes
Turn   | Place    | Note
--------------------------------------------------------------
     0 | D:1      | Kakkamies, the Sludge Elf Necromancer, began the quest for the Orb.
     0 | D:1      | Reached XP level 1. HP: 11/11 MP: 3/3
   222 | D:1      | Noticed a bat
   224 | D:1      | Killed a bat
   233 | D:1      | Noticed a giant cockroach
   249 | D:1      | Reached XP level 2. HP: 10/17 MP: 1/5
   262 | D:1      | Killed a giant cockroach
   279 | D:1      | Reached skill level 5 in Necromancy
   297 | D:1      | Noticed a bat
   299 | D:1      | Killed a bat
   303 | D:1      | Noticed Ceavit
   313 | D:1      | Learned a level 1 spell: Animate Skeleton
   314 | D:1      | Killed Ceavit the hobgoblin skeleton
   319 | D:1      | Noticed a bat
   324 | D:1      | Killed a bat
   339 | D:1      | Noticed a kobold
   343 | D:1      | Killed a kobold
   347 | D:1      | Reached XP level 3. HP: 13/21 MP: 4/7
   363 | D:1      | Killed a kobold
   387 | D:1      | Noticed a bat
   387 | D:1      | Killed a bat
   394 | D:1      | Noticed a bat
   404 | D:1      | Rotted away (a bat)
